 Dungeon Crawl Stone Soup version 0.28.0-47-ge53b351184 (webtiles) character file.

Game seed: 10508200545125547288

2025 safid the Cleaver (level 9, -15/71 HPs)
             Began as a Hill Orc Fighter on Apr 29, 2022.
             Was an Initiate of Beogh.
             Demolished by a boulder beetle (22 damage)
             ... on level 7 of the Dungeon on May 2, 2022.
             The game lasted 00:09:23 (7286 turns).

safid the Cleaver (Hill Orc Fighter)                Turns: 7286, Time: 00:09:24

Health: -15/71     AC:  9    Str: 23    XL:     9   Next: 23%
Magic:  9/9        EV:  9    Int:  8    God:    Beogh [......]
Gold:   289        SH:  4    Dex: 10    Spells: 8/8 levels left

rFire   . . .      SeeInvis .   a - +0 war axe
rCold   . . .      Faith    .   c - +0 buckler
rNeg    . . .      Spirit   .   b - +0 scale mail
rPois   .          Reflect  .   (no helmet)
rElec   .          Harm     .   f - +0 cloak
rCorr   .          Rampage  .   (no gloves)
Will    .....                   r - +0 pair of boots
Stlth   ..........              (no amulet)
HPRegen 0.21/turn               (no ring)
MPRegen 0.11/turn               (no ring)

@: no status effects
A: no striking features
a: Renounce Religion


You were on level 7 of the Dungeon.
You worshipped Beogh.
Beogh was noncommittal.
You visited 1 branch of the dungeon, and saw 7 of its levels.

You collected 371 gold pieces.
You spent 82 gold pieces at shops.

Inventory:

Hand Weapons
 a - a +0 war axe (weapon)
 p - the +7 dagger of the Boar {vorpal, *Noise rC+ Str-3 Int+7}
   (You found it on level 3 of the Dungeon)

   It inflicts extra damage upon your enemies.
   Str:       It affects your strength (-3).
   Int:       It affects your intelligence (+7).
   rC:        It protects you from cold.
   *Noise:    It may make noises in combat.
 y - the +8 hunting sling of Dissent {vorpal, rElec rC+}
   (You took it off an orc on level 5 of the Dungeon)

   Any ammunition fired from it inflicts extra damage upon your enemies.
   rC:        It protects you from cold.
   rElec:     It insulates you from electricity.
Missiles
 x - a javelin (quivered)
Armour
 b - a +0 scale mail (worn)
 c - a +0 buckler (worn)
 f - a +0 cloak (worn)
 r - a +0 pair of boots (worn)
Wands
 q - a wand of iceblast (3)
 w - a wand of digging (6)
Scrolls
 e - a scroll of summoning {unknown}
 g - a scroll of magic mapping {unknown}
 h - a scroll of brand weapon {unknown}
 j - a scroll of silence {unknown}
 o - 3 scrolls of teleportation
 u - a scroll of fog
 v - a scroll of blinking {unknown}
 z - a scroll of immolation {unknown}
Potions
 d - a potion of might
 i - a potion of cancellation {unknown}
 k - 4 potions of flight
 l - 2 potions of curing
 t - a potion of heal wounds {unknown}


   Skills:
 - Level 4.0 Fighting
 + Level 14.7 Axes
 - Level 4.0 Armour
 - Level 4.0 Shields


You had 8 spell levels left.
You didn't know any spells.
Your spell library contained the following spells:

 Spells                   Type           Power      Damage    Failure   Level
 Foxfire                  Conj/Fire      0%         2x1d4     80%         1
 Sublimation of Blood     Necr           0%         N/A       91%         2
 Conjure Flame            Conj/Fire      0%         6-21      99%         3
 Inner Flame              Hex/Fire       0%         N/A       99%         3
 Ozocubu's Armour         Ice            0%         N/A       99%         3
 Portal Projectile        Hex/Tloc       0%         N/A       99%         3
 Stone Arrow              Conj/Erth      0%         3d7       99%         3
 Animate Armour           Summ/Erth      0%         N/A       100%        4
 Flame Wave               Conj/Fire      0%         2d4       100%        4
 Petrify                  Tmut/Erth      0%         N/A       100%        4
 Blade Hands              Tmut           0%         N/A       100%        5
 Excruciating Wounds      Necr           0%         N/A       100%        5
 Irradiate                Conj/Tmut      0%         3d13      100%        5
 Ozocubu's Refrigeration  Ice            0%         4d5       100%        7
 Lehudib's Crystal Spear  Conj/Erth      0%         10d2      100%        8


Dungeon Overview and Level Annotations

Branches:
Dungeon (7/15)             Temple (0/1) D:4

Altars:
Ru

Shops:
D:4 *

Annotations:
D:6 2 transporters, pkoi's ghost, novice DgCj


Message History

Found a stone staircase leading down.
You open the door.
A boulder beetle comes into view.
The boulder beetle curls into a ball and begins rolling!
Found 5 arrows.
A boulder beetle is nearby!
Throw: 2 javelins
Press: ? - help, Q - select action, (/) - cycle Shift-Dir - straight line, f - boulder beetle
Aim: a boulder beetle (rolling, 89% to hit)
You throw a javelin.
The javelin pierces through the boulder beetle but does no damage.
Unknown command.
You hit the boulder beetle.
The boulder beetle is lightly wounded.
The boulder beetle closely misses you.
The boulder beetle stops rolling and uncurls.
You hit the boulder beetle but do no damage.
The boulder beetle is lightly wounded.
The boulder beetle barely misses you.
You slash the boulder beetle!
The boulder beetle is lightly wounded.
The boulder beetle bites you!!
You hit the boulder beetle but do no damage.
The boulder beetle is lightly wounded.
The boulder beetle leaps!
The boulder beetle curls into a ball and begins rolling!
The boulder beetle hits you!!!
Ouch! That really hurt!
* * * LOW HITPOINT WARNING * * *
The boulder beetle stops rolling and uncurls.
There is a stone staircase leading up, spattered with blood here.
You hit the boulder beetle but do no damage.
The boulder beetle is lightly wounded.
You block the boulder beetle's attack.
You hit the boulder beetle but do no damage.
The boulder beetle is lightly wounded.
You hit the boulder beetle but do no damage.
The boulder beetle is lightly wounded.
The boulder beetle bites you!!
You die...

#.................
#.....○...........
####...##.....##....
##.##...########
#...............
#...............
#.......).......
#.....B.........
#.....@..(......
##....#..#......
###############


You could see a boulder beetle.

Vanquished Creatures
  Prince Ribbit (D:6)
  Menkaure (D:5)
  Edmund (D:6)
  2 ice beasts
  2 black bears (D:6)
  A necrophage (D:6)
  A centaur (D:6)
  A scorpion (D:4)
  Blork the orc (D:4)
  A wyvern skeleton (D:6)
  A water moccasin zombie (D:5)
  A water moccasin skeleton (D:6)
  2 howler monkeys
  2 bullfrog zombies (D:5)
  3 hounds
  An orc priest (D:5)
  2 bullfrog skeletons (D:4)
  A jelly (D:6)
  2 iguanas
  6 orc wizards
  3 gnolls (D:4)
  A howler monkey skeleton (D:5)
  8 adders
  2 shadow imps
  A white imp (D:5)
  2 ufetubi
  3 dart slugs
  19 orcs
  7 endoplasms
  8 giant cockroaches
  6 goblins
  3 hobgoblins
  8 jackals
  10 kobolds
  A quokka (D:1)
  2 ball pythons
  12 bats
  A frilled lizard (D:2)
  3 rats
133 creatures vanquished.

Vanquished Creatures (others)
  2 orcs (D:5)
2 creatures vanquished.

Grand Total: 135 creatures vanquished

Notes
Turn   | Place    | Note
-------+----------+-------------------------------------------
     0 | D:1      | safid the Hill Orc Fighter began the quest for the Orb.
     0 | D:1      | Reached XP level 1. HP: 19/19 MP: 1/1
   217 | D:1      | Reached XP level 2. HP: 23/27 MP: 2/2
   229 | D:1      | Reached skill level 3 in Axes
   472 | D:1      | Reached XP level 3. HP: 18/33 MP: 3/3
   817 | D:1      | Found a faded altar of an unknown god.
  1231 | D:2      | Reached XP level 4. HP: 35/40 MP: 4/4
  1284 | D:2      | Reached skill level 4 in Axes
  1958 | D:3      | Identified the +7 dagger of the Boar {vorpal, *Noise rC+
                  | Str-3 Int+7}
  2628 | D:3      | Reached skill level 5 in Axes
  3140 | D:3      | Reached XP level 5. HP: 46/46 MP: 5/5
  3187 | D:4      | Found a sacrificial altar of Ru.
  3372 | D:4      | Reached skill level 6 in Axes
  3442 | D:3      | Reached skill level 7 in Axes
  3442 | D:3      | Reached XP level 6. HP: 8/52 MP: 6/6
  3862 | D:4      | Found a staircase to the Ecumenical Temple.
  3943 | D:4      | Noticed Blork the orc
  3954 | D:4      | Killed Blork the orc
  3955 | D:4      | Reached skill level 8 in Axes
  4123 | D:4      | Reached XP level 7. HP: 59/59 MP: 7/7
  4213 | D:4      | Found Obusamyi's General Store.
  4220 | D:4      | Bought a scroll of amnesia for 38 gold pieces
  4220 | D:4      | Bought a scroll of fog for 22 gold pieces
  4220 | D:4      | Bought a scroll of identify for 22 gold pieces
  4344 | D:5      | Entered Level 5 of the Dungeon
  4370 | D:5      | Reached skill level 9 in Axes
  4460 | D:5      | Noticed Menkaure
  4466 | D:5      | Killed Menkaure
  4467 | D:5      | Reached skill level 10 in Axes
  5013 | D:5      | Became a worshipper of Beogh the Brigand
  5188 | D:5      | Reached XP level 8. HP: 62/66 MP: 8/8
  5288 | D:5      | Reached skill level 11 in Axes
  5419 | D:5      | Identified the +8 hunting sling of Dissent {vorpal, rElec
                  | rC+}
  5638 | D:6      | Reached skill level 12 in Axes
  5913 | D:6      | Noticed a hornet
  5919 | D:6      | Noticed a queen bee
  5940 | D:6      | Noticed pkoi's ghost (novice DgCj)
  5942 | D:6      | Found a transporter.
  5947 | D:6      | Found a transporter.
  6012 | D:6      | Noticed Edmund
  6026 | D:6      | Killed Edmund
  6027 | D:6      | Reached skill level 13 in Axes
  6485 | D:6      | Reached XP level 9. HP: 53/71 MP: 9/9
  6667 | D:6      | Noticed Prince Ribbit
  6672 | D:6      | Reached skill level 14 in Axes
  6688 | D:6      | HP: 2/71 [Prince Ribbit (8)]
  6692 | D:6      | Killed Prince Ribbit
  7263 | D:7      | Noticed a boulder beetle
  7286 | D:7      | Demolished by a boulder beetle

Illustrated notes

Levels and vault maps discovered:
D:1:      elethiomel_arrival_maze, layout_rooms,
          shapermc_ecumenical_altar_acropolis
D:2:      layout_rooms, corexii_corridor_pit, minmay_misc_feat_rugged
D:3:      layout_loops_corners
D:4:      layout_basic, mainiacjoe_overflow_cross_hatched,
          lemuel_temple_firewalk_a, serial_shops, shop_statue,
          uniq_blork_the_orc
D:5:      layout_basic, minmay_misc_feat_encased, uniq_menkaure
D:6:      layout_basic, gammafunk_ghost_hive, uniq_prince_ribbit1, uniq_edmund
D:7:      layout_gridville

Skill      XL: |  1  2  3  4  5  6  7  8  9 |
---------------+----------------------------+-----
Axes           | 3 5 7 8 10 13 14 | 14.7
Fighting       | 4 |  4.0
Armour         | 4 |  4.0
Shields        | 4 |  4.0

Action                   |  1- 3 |  4- 6 |  7- 9 || total
-------------------------+-------+-------+-------++-------
Melee: War axe           |   103 |   189 |   212 ||   504
Throw: Javelin           |       |       |     3 ||     3
Invok: Convert to Beogh  |       |       |     1 ||     1
Evoke: Wand              |       |       |     1 ||     1
  Use: Scroll            |       |       |     6 ||     6
       Potion            |       |       |     2 ||     2
Armor: Scale mail        |    67 |   114 |    92 ||   273
Dodge: Dodged            |    69 |   108 |    83 ||   260
Block: Buckler           |    34 |    54 |    27 ||   115
